 Dungeon Crawl Stone Soup version 0.28-a0-1518-gbe868bca14 (webtiles) character file.

Game seed: 5741754134454214525

193 Pin the Insei (level 5, -8/34 HPs)
             Began as an Octopode Transmuter on Jan 17, 2022.
             Was a Plaything of Xom.
             Splashed by a jelly's acid (9 damage)
             ... on level 4 of the Dungeon.
             The game lasted 00:07:22 (3004 turns).

Pin the Insei (Octopode Transmuter)                 Turns: 3004, Time: 00:07:23

Health: -8/34      AC: -7    Str:  7    XL:     5   Next: 72%
Magic:  7/8        EV: 13    Int: 16    God:    Xom [.....*]
Gold:   219        SH:  0    Dex: 12    Spells: 3/8 levels left

rFire   . . .      SeeInvis .     - Unarmed
rCold   + . .      Faith    .   (no shield)
rNeg    . . .      Spirit   .   (helmet currently unavailable)
rPois   .          Reflect  .   f - amulet of regeneration
rElec   .          Harm     .   (no ring)
rCorr   .          Rampage  .   (no ring)
Will    .....                   (no ring)
Stlth   ++........              (no ring)
HPRegen 0.91/turn               (no ring)
MPRegen 0.11/turn               (no ring)
                                (no ring)
                                (no ring)

@: appendages, corroded, unable to read
A: tentacle spike 3, almost no armour, amphibious, 8 rings, camouflage 1,
gelatinous body 1, (nimble swimmer 1), tentacles, clumsy 1, cold resistance 1,
screaming 1, weak 1, inability to read while threatened
a: End Transformation, Renounce Religion


You were on level 4 of the Dungeon.
You worshipped Xom.
You were Xom's teddy bear.
One of your tentacles had grown a beastly spike.
You visited 1 branch of the dungeon, and saw 4 of its levels.

You collected 219 gold pieces.

Inventory:

Jewellery
 b - an amulet of guardian spirit
 f - an amulet of regeneration (around mantle)
Wands
 c - a wand of polymorph (13)
Scrolls
 e - a scroll of fog {unknown}
 j - a scroll of magic mapping {unknown}
Potions
 a - a potion of invisibility {unknown}
 d - 2 potions of mutation {unknown}
 g - 2 potions of curing
 h - a potion of heal wounds {unknown}
 i - a potion of berserk rage {unknown}


   Skills:
 - Level 2.0 Fighting
 - Level 2.7 Dodging
 - Level 3.5 Unarmed Combat
 - Level 2.0 Spellcasting
 - Level 2.8 Transmutations
 + Level 3.3 Ice Magic


You had 3 spell levels left.
You knew the following spells:

 Your Spells              Type           Power      Damage    Failure   Level
a - Beastly Appendage     Tmut           20%        N/A       6%          1
b - Ice Form              Ice/Tmut       11%        N/A       50%         4

Your spell library contained the following spells:

 Spells                   Type           Power      Damage    Failure   Level
 Wereblood                Tmut           10%        N/A       10%         2
 Spider Form              Tmut/Pois      6%         N/A       34%         3
 Gell's Gravitas          Tloc           1%         N/A       52%         3
 Lesser Beckoning         Tloc           1%         N/A       52%         3
 Teleport Other           Tloc           1%         N/A       52%         3


Dungeon Overview and Level Annotations

Branches:
Dungeon (4/15)
 Temple: D:4-7

Altars:
Hepliaklqana
Sif Muna
Xom


Innate Abilities, Weirdness & Mutations

One of your tentacles has grown a beastly spike.
You cannot wear most types of armour.
You are amphibious.
You can wear up to eight rings at the same time.
Your skin changes colour to match your surroundings (Stealth+).
Your rubbery body absorbs attacks. (AC +1, EV +1)
((You are camouflaged when in or above water. (Stealth+)))
You have tentacles for arms and can constrict up to eight enemies at once.
You are clumsy. (Dex -2)
Your flesh is cold resistant. (rC+)
You occasionally shout uncontrollably at your foes.
You are weak. (Str -2)
You sometimes lose the ability to read scrolls when taking damage.


Message History

Found a ring mail and 6 gold pieces.
Found 11 gold pieces.
The quokka closely misses you.
You tentacle-slap the quokka. Your grab misses the quokka.
You squeeze the quokka.
You kill the quokka!
Found an escape hatch in the ceiling.
Found a stone staircase leading down.
You now have 208 gold pieces (gained 6).
You now have 219 gold pieces (gained 11).
You hear the slow rusting of a drain nearby.
Found a pair of gloves.
You see here a +0 pair of gloves.
Found a hand axe.
A jelly comes into view.
Casting: Beastly Appendage (safe; 6% risk of failure)
Confirm with . or Enter, or press ? or * to list all spells.
One of your tentacles grows a vicious spike.
You tentacle-slap the jelly.
Your tentacles burn!
You squeeze the jelly!
The jelly is severely wounded.
The jelly hits you. The acid corrodes you!
You are splashed with acid!
You tentacle-slap the jelly.
Your tentacles burn!
You pierce the jelly.
Your squeeze misses the jelly.
The jelly is almost dead.
The jelly hits you.
You are splashed with acid!
You feel threatened and lose the ability to read scrolls!
* * * LOW HITPOINT WARNING * * *
You are too injured to fight recklessly!
You are too injured to fight recklessly!
You are too injured to fight recklessly!
The orc shouts!
You tentacle-slap the jelly.
Your tentacles burn!
* * * LOW HITPOINT WARNING * * *
You pierce the jelly, but do no damage.
The jelly is almost dead.
The jelly hits you.
* * * LOW HITPOINT WARNING * * *
The acid corrodes you!
You are splashed with acid!
You die...
Xom laughs nastily!

.. #. #. ## #########
#.######### #. ..).....#
#...).....# #.
.######.####....$....#####.####
.....................#.........
.#####...###.J@......#.........
#...# #.........#.....†...
....# #.........#.....)...
.....# #.........#.........
....... #.........#......###
.#...... #.........#.........
..#....#.##o####...#.......###
#.####...#.......#
#................#


You could see a jelly and an orc.

Vanquished Creatures
  An orc priest (D:4)
  An orc wizard (D:3)
  5 adders
  2 dart slugs
  8 orcs
  5 ball pythons
  7 endoplasms
  3 giant cockroaches (D:1)
  7 goblins
  3 hobgoblins
  8 jackals
  8 kobolds
  3 quokkas
  5 bats
  6 frilled lizards
  5 rats
77 creatures vanquished.

Notes
Turn   | Place    | Note
-------+----------+-------------------------------------------
     0 | D:1      | Pin the Octopode Transmuter began the quest for the Orb.
     0 | D:1      | Reached XP level 1. HP: 13/13 MP: 3/3
   346 | D:1      | Reached XP level 2. HP: 9/18 MP: 3/5
   884 | D:1      | Reached XP level 3. HP: 21/23 MP: 3/6
   953 | D:1      | Found a faded altar of an unknown god.
   965 | D:1      | Prayed at the altar of an unknown god.
   965 | D:1      | Became a worshipper of Xom the Tricky
  1195 | D:1      | XOM: silly message
  1784 | D:2      | Reached XP level 4. HP: 27/29 MP: 7/7
  2024 | D:3      | Learned a level 4 spell: Ice Form
  2051 | D:3      | XOM: silly message
  2073 | D:3      | XOM: divination: detect creatures
  2080 | D:3      | Reached skill level 1 in Ice Magic
  2266 | D:3      | Reached XP level 5. HP: 33/34 MP: 8/8
  2350 | D:3      | XOM: noise
  2605 | D:3      | Found a hazy altar of Hepliaklqana.
  2605 | D:3      | XOM: 9-stop teleportation journey
  2683 | D:3      | Found a shimmering blue altar of Sif Muna.
  2802 | D:3      | XOM: give mutations
  2802 | D:3      | Gained mutation: You sometimes lose the ability to read
                  | scrolls when taking damage. [Xom's mischief]
  2802 | D:3      | Gained mutation: You are clumsy. (Dex -2) [Xom's mischief]
  2802 | D:3      | Gained mutation: You possess an exceptional clarity of
                  | mind. [Xom's mischief]
  2802 | D:3      | Gained mutation: You are weak. (Str -2) [Xom's mischief]
  2815 | D:3      | XOM: give mutations
  2815 | D:3      | Gained mutation: Your flesh is cold resistant. (rC+) [Xom's
                  | mischief]
  2815 | D:3      | Lost mutation: You possess an exceptional clarity of mind.
                  | [Xom's mischief]
  2815 | D:3      | Gained mutation: You occasionally shout uncontrollably at
                  | your foes. [Xom's mischief]
  2889 | D:4      | XOM is BORED!
  2889 | D:4      | Noticed a lemure
  2889 | D:4      | XOM: swap monsters
  2891 | D:4      | Noticed a lemure
  2918 | D:4      | XOM: 1-stop teleportation journey
  3004 | D:4      | HP: 1/34 [jelly (3)]
  3004 | D:4      | Splashed by a jelly's acid

Illustrated notes

Levels and vault maps discovered:
D:1:      dpeg_arrival_brainrot, layout_loops_ring,
          hellmonk_ecumenical_altar_run_dry, minmay_pentomino_w4
D:2:      layout_rooms, wander_ebering_terrifying_dragon_lair
D:3:      layout_loops_ring, mainiacjoe_overflow_alcove_1,
          nicolae_hepliaklqana_hippocampus, minivault_11,
          nicolae_concentric_dashed_squares_mild
D:4:      layout_basic, minmay_temple_entry_trees, portal_sewer_entry_c,
          minmay_misc_feat_doors, uniq_pikel

Skill      XL: |  1  2  3  4  5 |
---------------+----------------+-----
Fighting       | 2 |  2.0
Ice Magic      | 1 3 |  3.3
Dodging        | |  2.7
Unarmed Combat | |  3.5
Spellcasting   | |  2.0
Transmutations | |  2.8

Action                   |  1- 3 |  4- 6 || total
-------------------------+-------+-------++-------
Melee: Unarmed           |    78 |    87 ||   165
       Constrict         |    23 |    26 ||    49
       Tentacles         |    12 |    12 ||    24
       Kick              |     7 |    28 ||    35
       Punch             |     6 |     2 ||     8
 Cast: Beastly Appendage |     6 |    10 ||    16
  Use: Scroll            |       |     4 ||     4
 Stab: Sleeping          |     4 |     3 ||     7
Armor: Skin              |       |     4 ||     4
Dodge: Dodged            |    40 |    39 ||    79

Table legend: (Time is in decaauts)
 A = Elapsed time spent in this place.
 B = Non-inter-level travel time spent in this place.
 C = Inter-level travel time spent in this place.
 D = Time resting spent in this place.
 E = Time spent auto-exploring this place.
 F = Levels seen in this place.
 G = Mean time per level.
                   A        B        C        D        E       F      G
               +--------+--------+--------+--------+--------+-----+--------+
         Total |   2992 |   2918 |     74 |    315 |   2025 |   4 |  748.0 |
       Dungeon |   2992 |   2918 |     74 |    315 |   2025 |   4 |  748.0 |
               +--------+--------+--------+--------+--------+-----+--------+

Top non-repeatable levels by time:
     D:1: 1477 daAuts
     D:3: 860 daAuts
     D:2: 523 daAuts
     D:4: 132 daAuts
